 Dungeon Crawl Stone Soup version 0.30-a0-1160-g6e42c06551 (webtiles) character file.

Game seed: 8698876072431394247

1650 Kaesebre the Basher (level 8, -4/90 (99) HPs)
             Began as a Minotaur Berserker on Apr 26, 2023.
             Was a Priest of Trog.
             Slain by a wight
             ... wielding a +3 spear
              (7 damage)
             ... on level 7 of the Dungeon.
             The game lasted 01:43:23 (6638 turns).

Kaesebre the Basher (Minotaur Berserker)            Turns: 6638, Time: 01:43:23

HP:   -4/90 (99)    AC: 14    Str: 25    XL:     8   Next: 67%
MP:   7/7           EV:  9    Int:  4    God:    Trog [***...]
Gold: 458           SH:  0    Dex: 15    Spells: 7/7 levels left

rFire   . . .        V - +3 flail
rCold   . . .        (no shield)
rNeg    . . .        H - +0 plate armour
rPois   .            (helmet restricted)
rElec   .            (no cloak)
rCorr   .            (no gloves)
SInv    .            i - +0 pair of boots
Will    .....        (no amulet) Stlth
                     z - +6 ring of dexterity
HPRegen 0.35/turn    (no ring)
MPRegen 0.10/turn

%: no passive effects
@: berserking, drained, very quick
A: horns 2, retaliatory headbutt
a: Renounce Religion, Berserk, Trog's Hand


You were on level 7 of the Dungeon.
You worshipped Trog.
Trog was most pleased with you.
You visited 2 branches of the dungeon, and saw 8 of its levels.

You collected 458 gold pieces.

Inventory:

Hand Weapons
 m - a +0 long sword
 u - a +0 sling
 M - a +0 dagger of flaming
 P - a +1 trident of flaming
 V - a +3 flail (weapon)
Missiles
 g - 54 stones
 k - 2 atropa-tipped darts
 p - 7 poisoned darts
 q - 6 curare-tipped darts
Armour
 a - a +2 robe
 i - a +0 pair of boots (worn)
 H - a +0 plate armour (worn)
 W - the +0 ring mail of the Lair of Beasts {+Blink rC+ Will+ SInv}
   (You took it off an orc on level 3 of the Dungeon)

   rC:        It protects you from cold.
   SInv:      It lets you see invisible.
   +Blink:    It lets you blink.
   Will:      It increases your willpower.
Jewellery
 z - a +6 ring of dexterity (left hand)
Wands
 b - a wand of polymorph (3)
 D - a wand of roots (8)
Scrolls
 e - a scroll of fear
 f - a scroll of noise {unknown}
 h - 2 scrolls of immolation (quivered)
 j - 3 scrolls of vulnerability {unknown}
 l - 7 scrolls of teleportation {unknown}
 n - 6 scrolls of identify {unknown}
 w - a scroll of magic mapping
 y - 2 scrolls of amnesia {unknown}
 K - a scroll of brand weapon {unknown}
 Q - a scroll of acquirement {unknown}
 S - a scroll of fog {unknown}
Potions
 c - a potion of degeneration {unknown}
 d - 8 potions of curing {unknown}
 o - a potion of attraction {unknown}
 r - 3 potions of heal wounds {unknown}
 s - 2 potions of magic {unknown}
 t - 2 potions of cancellation {unknown}
 v - a potion of haste {unknown}
 x - a potion of lignification {unknown}
 A - a potion of experience {unknown}
 B - a potion of mutation {unknown}
 J - a potion of might {unknown}


   Skills:
 - Level 4.3 Fighting
 * Level 9.9 Maces & Flails
 + Level 6.9 Armour
 + Level 6.2 Dodging


You had 7 spell levels left.
You didn't know any spells.
Your spell library contained the following spells:

 Spells                   Type           Power      Damage    Failure   Level
 Vhi's Electric Charge    Tloc/Air       0%         N/A       100%        3
 Passage of Golubria      Tloc           0%         N/A       100%        4
 Arcjolt                  Conj/Air       0%         1d10      100%        5
 Silence                  Hex/Air        0%         N/A       100%        5
 Summon Forest            Summ/Tloc      0%         N/A       100%        5
 Eringya's Noxious Bog    Tmut/Pois      0%         N/A       100%        6
 Plasma Beam              Fire/Air       0%         2x1d11    100%        6
 Summon Hydra             Summ           0%         N/A       100%        7
 Lehudib's Crystal Spear  Conj/Erth      0%         10d2      100%        8
 Maxwell's Capacitive Co  Air            0%         ∞         100%        8


Dungeon Overview and Level Annotations

Branches:
Dungeon (7/15)             Temple (1/1) D:5

Altars:
Ashenzari
Cheibriados
Dithmenos
Elyvilon
Fedhas
Gozag
Hepliaklqana
Kikubaaqudgha
Okawaru
Qazlal
Trog
Vehumet
Wu Jian
Xom
Yredelemnul
Zin
The Shining One

Annotations:
D:3 1 runed translucent , Crazy Yiuf


Innate Abilities, Weirdness & Mutations

You have a pair of horns on your head.
You reflexively headbutt those who attack you in melee.


Message History

The orc wizard shouts!
Items here: ( ) [ †.
The orc wizard casts a spell at you.
The puff of flame hits you but does no damage.
Items here: ( ) [ †.
Items here: ( ) [ †.
You sock the orc wizard!
You kill the orc wizard!
Trog accepts your kill.
Trog appreciates your killing of a magic user.
An orc comes into view. It is wielding a +0 morningstar.
Found a halberd.
The orc shouts!
Things that are here:
a +0 mace; a +0 robe; 7 gold pieces
Items here: ( ) [ †.
Things that are here:
a +0 mace; a +0 robe; 7 gold pieces
Items here: ( ) [ †.
You thump the orc!
You kill the orc!
Trog accepts your kill.
A wight comes into view. It is wielding a +3 spear.
The wight hits you from afar with a +3 spear!
You feel drained.
Items here: ( ) [ †.
The wight barely misses you. You furiously retaliate!
You headbutt the wight. The wight attacks as you move away!
The wight hits you with a +3 spear.
* * * LOW HITPOINT WARNING * * *
The wight hits you from afar with a +3 spear!
* * * LOW HITPOINT WARNING * * *
You feel drained.
* * * LOW HITPOINT WARNING * * *
Items here: ( ) [ †.
A red film seems to cover your vision as you go berserk!
You feel yourself moving faster!
You feel mighty! The wight hits you but does no damage.
You feel a strong urge to attack something.
The wight hits you with a +3 spear!
You die...

### #.# ..#
#.# ###.# #.#
...# #.#
#######.###.#
............#
#.........#
#....))...#
#.....)@z.#
###'#.###.#
#.#.# #.# .
..) ...
##.### ... #.
... # ...


You could see a wight.

Vanquished Creatures
  An acid dragon (D:6)
  Duvessa (D:4)
  2 ice beasts
  An ogre (D:4)
  The ghost of Anamonty the Stinger, an amateur OpVM (D:3)
  A phantom (D:5)
  A kobold brigand (D:6)
  4 scorpions (D:5)
  2 wights (D:7)
  Dowan (D:4)
  A howler monkey (D:4)
  3 hounds
  A jelly (D:6)
  2 sleepcaps
  3 iguanas
  3 orc wizards
  4 gnolls (D:4)
  6 adders
  6 worms
  A dart slug (D:3)
  15 orcs
  4 bats
  4 endoplasms
  4 giant cockroaches
  6 goblins
  6 hobgoblins
  8 jackals
  13 kobolds
  4 quokkas
  8 ball pythons
  6 frilled lizards
  6 rats
129 creatures vanquished.

Vanquished Creatures (others)
  14 plants (D:5)
14 creatures vanquished.

Grand Total: 143 creatures vanquished

Notes
Turn   | Place    | Note
-------+----------+-------------------------------------------
     0 | D:1      | Kaesebre the Minotaur Berserker began the quest for the
                  | Orb.
     0 | D:1      | Reached XP level 1. HP: 19/19 MP: 0/0
   195 | D:1      | Reached XP level 2. HP: 23/27 MP: 1/1
   313 | D:1      | Reached skill level 4 in Maces & Flails
   639 | D:1      | Reached ** piety under Trog
   667 | D:1      | Reached XP level 3. HP: 32/33 MP: 2/2
  1120 | D:2      | You fall into a shaft and drop 2 floors!
  1457 | D:2      | Identified the +7 ring mail "Esotrusu" {rC- Int+4}
  1653 | D:2      | Reached XP level 4. HP: 36/40 MP: 3/3
  2499 | D:3      | Found a hazy altar of Hepliaklqana.
  2677 | D:3      | Found a runed translucent door.
  2678 | D:3      | Noticed Crazy Yiuf
  2771 | D:3      | Reached skill level 5 in Maces & Flails
  2792 | D:3      | Reached XP level 5. HP: 45/46 MP: 4/4
  2927 | D:3      | Found a runed translucent gate.
  2927 | D:3      | Found a runed translucent gate.
  2928 | D:3      | Found a runed translucent gate.
  2928 | D:3      | Noticed Anamonty's ghost (amateur OpVM)
  2930 | D:3      | Identified the +0 ring mail of the Lair of Beasts {+Blink
                  | rC+ Will+ SInv}
  3113 | D:3      | Killed Anamonty's ghost
  3113 | D:3      | Reached *** piety under Trog
  3624 | D:4      | Reached skill level 6 in Maces & Flails
  3624 | D:4      | Reached XP level 6. HP: 49/52 MP: 5/5
  3751 | D:4      | Noticed Duvessa
  3755 | D:4      | Noticed Dowan
  3771 | D:4      | Killed Duvessa
  3776 | D:4      | Killed Dowan
  3777 | D:4      | Reached skill level 7 in Maces & Flails
  3777 | D:4      | Reached XP level 7. HP: 33/59 MP: 6/6
  4172 | D:4      | Reached skill level 5 in Armour
  4356 | D:4      | Found a shadowy altar of Dithmenos.
  4425 | D:4      | Found a bloodstained altar of Trog.
  4643 | D:5      | Entered Level 5 of the Dungeon
  4835 | D:5      | Found a glowing golden altar of the Shining One.
  4895 | D:5      | Identified the +1 falchion "Hocama" {freeze, Fly rF++ Dex-5
                  | Stlth+}
  5005 | D:5      | Reached skill level 8 in Maces & Flails
  5005 | D:5      | Reached skill level 5 in Dodging
  5018 | D:5      | Found a staircase to the Ecumenical Temple.
  5047 | Temple   | Entered the Ecumenical Temple
  5076 | D:5      | Reached XP level 8. HP: 49/66 MP: 7/7
  5098 | D:5      | Found an iron altar of Okawaru.
  5613 | D:6      | Reached skill level 9 in Maces & Flails
  6636 | D:7      | HP: 1/60 [wight/+3 spear (4)]
  6638 | D:7      | Slain by a wight

Illustrated notes

Levels and vault maps discovered:
D:1:      minmay_arrival_arboretum_small, layout_loops_ring, minivault_24,
          minmay_misc_feat_enclosed, serial_park_tiny_1, roderic_roman_lattice
D:2:      layout_basic
D:3:      layout_loops_corners, general_overflow_altar,
          biasface_ghost_orc_armoury, nicolae_wormholes, uniq_crazy_yiuf_cottage
D:4:      layout_basic, nicolae_dithmenos_through_a_glass_darkly,
          lightli_temple_of_fire, saegor_snake_ambush, uniq_duvessa
D:5:      layout_loops_ring, tso_oasis_becter, mainiacjoe_overflow_tiny_flanked,
          minmay_temple_entry_grid, dk_noncrumbling_3, serial_bayou_lake_a
D:6:      layout_rooms
D:7:      layout_basic
Temple:   nicolae_temple_x_marks_the_god

Skill      XL: |  1  2  3  4  5  6  7  8 |
---------------+-------------------------+-----
Maces & Flails | 4 5 6 7 8 9 |  9.9
Fighting       | 4 |  4.3
Armour         | 3 4 5 6 |  6.9
Dodging        | 3 4 5 6 |  6.2

Action                     |  1- 3 |  4- 6 |  7- 9 || total
---------------------------+-------+-------+-------++-------
  Melee: Mace              |    92 |    52 |       ||   144
         Headbutt          |    16 |    16 |    25 ||    57
         Trident           |       |    15 |       ||    15
         Flail             |       |    42 |   128 ||   170
         Punch             |       |       |     1 ||     1
 Invoke: Trog's Hand       |       |     4 |       ||     4
         Berserk           |       |     3 |     4 ||     7
    Use: Scroll            |     3 |     3 |       ||     6
 Armour: Animal skin       |     7 |       |       ||     7
         Leather armour    |     9 |       |       ||     9
         Ring mail         |     4 |     3 |       ||     7
         Plate armour      |       |    90 |    77 ||   167
  Dodge: Dodged            |    53 |    58 |    53 ||   164

Table legend: (Time is in decaauts)
 A = Elapsed time spent in this place.
 B = Non-inter-level travel time spent in this place.
 C = Inter-level travel time spent in this place.
 D = Time resting spent in this place.
 E = Time spent auto-exploring this place.
 F = Levels seen in this place.
 G = Mean time per level.
                   A        B        C        D        E       F      G
               +--------+--------+--------+--------+--------+-----+--------+
         Total |   6734 |   2201 |   4533 |      0 |    237 |   8 |  841.8 |
       Dungeon |   6732 |   2199 |   4533 |      0 |    237 |   7 |  961.7 |
        Temple |      1 |      1 |      0 |      0 |      0 |   1 |    1.0 |
               +--------+--------+--------+--------+--------+-----+--------+

Top non-repeatable levels by time:
     D:3: 1509 daAuts
     D:4: 1099 daAuts
     D:1: 1082 daAuts
     D:2: 1028 daAuts
     D:5: 952 daAuts
     D:6: 726 daAuts
     D:7: 333 daAuts
  Temple: 1 daAuts
